 Dungeon Crawl Stone Soup version 0.31-a0-202-g547052bce9 (webtiles) character file.

Game seed: 12590175834019010422

408 qw the Skirmisher (level 6, 0/35 HPs)
             Began as a Deep Elf Hunter on June 26, 2023.
             Slain by an ice beast (10 damage)
             ... on level 4 of the Dungeon.
             The game lasted 00:01:01 (2256 turns).

qw the Skirmisher (Deep Elf Hunter)                 Turns: 2256, Time: 00:01:02

Health: 0/35       AC:  6    Str: 14 (16) XL:     6   Next: 57%
Magic:  8/8        EV: 12    Int: 12 (14) God:
Gold:   180        SH:  0    Dex: 21 (24) Spells: 5/5 levels left

rFire   . . .        Y - +2 shortbow (freeze)
rCold   . . .        (shield currently unavailable)
rNeg    . . .        i - +0 ring mail
rPois   .            (no helmet)
rElec   .            b - +0 cloak
rCorr   .            (no gloves)
SInv    .            (no boots)
Will    .....        (no amulet)
Stlth   +            e - +6 ring of dexterity
HPRegen 0.25/turn    f - +6 ring of strength
MPRegen 0.11/turn

%: no passive effects
@: no status effects
A: no striking features
a: no special abilities


You were on level 4 of the Dungeon.
You visited 1 branch of the dungeon, and saw 4 of its levels.

You collected 180 gold pieces.


   Skills:
 - Level 2.0 Fighting
 - Level 10.0 Ranged Weapons
 + Level 0.0 Armour
 - Level 3.0 Dodging
 - Level 1.2 Stealth


You had 5 spell levels left.
You didn't know any spells.
Your spell library was empty.

Inventory:

Hand Weapons
 Y - a +2 shortbow of freezing (weapon)
Armour
 a - a +0 leather armour of fire resistance
 b - a +0 cloak (worn)
 i - a +0 ring mail (worn)
Jewellery
 e - a +6 ring of dexterity (left hand)
 f - a +6 ring of strength (right hand)
Scrolls
 k - a scroll of identify
Potions
 d - a potion of haste {unknown}
 h - a potion of cancellation {unknown}
 m - a potion of attraction {unknown}

Dungeon Overview and Level Annotations

Branches:
Dungeon (4/15)
 Temple: D:4-7

Altars:
Sif Muna
Wu Jian
Yredelemnul

Shops:
D:1 =


Message History

A giant cockroach comes into view.
You shoot an arrow. The arrow hits the giant cockroach!
The arrow freezes the giant cockroach.
You kill the giant cockroach!
Found a scroll of blinking.
Found a scroll of blinking.
Found a stone staircase leading up.
Enter note:
Enter note: You see here a scroll of blinking.
There is a stone staircase leading up here.
There is a stone staircase leading up here.
An endoplasm comes into view.
Enter note:
Enter note: You shoot an arrow.
The arrow hits the endoplasm!
The arrow freezes the endoplasm.
You kill the endoplasm!
Enter note:
Enter note: You shoot an arrow.
The arrow hits the ice beast!
The ice beast is heavily wounded.
You shoot an arrow. The arrow hits the ice beast!
The ice beast is severely wounded.
The ice beast hits you. The ice beast freezes you!
You shoot an arrow. The arrow hits the ice beast.
The ice beast is almost dead.
The ice beast hits you but does no damage. x2
You shoot an arrow.
The arrow hits the ice beast but does no damage.
The ice beast is almost dead.
The ice beast hits you. The ice beast freezes you!
You shoot an arrow. The arrow barely misses the ice beast.
The ice beast barely misses you.
You shoot an arrow. The arrow barely misses the ice beast.
The ice beast hits you but does no damage.
You shoot an arrow.
The arrow hits the ice beast but does no damage.
The ice beast is almost dead.
The ice beast hits you. The ice beast freezes you!
You die...

#.# #.#######
#.# #.......#
#.##########.#
#............#
#.############
#.# ##### #.#
......#.#
......Y@#
#######.# #.#
#.# #.# #.#
#.# ..#


You could see an ice beast.

Vanquished Creatures
  Grinder (D:3)
  2 iguanas (D:4)
  Ijyb (D:3)
  A gnoll (D:1)
  5 adders
  2 worms (D:2)
  A dart slug (D:2)
  3 orcs (D:3)
  4 ball pythons
  7 endoplasms
  2 giant cockroaches (D:4)
  9 goblins
  7 hobgoblins
  8 jackals
  3 quokkas
  3 bats (D:1)
  6 frilled lizards
  6 kobolds
  5 rats
  A spectral orc (D:3)
77 creatures vanquished.

Notes
Turn   | Place    | Note
-------+----------+-------------------------------------------
     0 | D:1      | qw the Deep Elf Hunter began the quest for the Orb.
     0 | D:1      | Reached XP level 1. HP: 12/12 MP: 3/3
     0 | D:1      | 0 ||| qw: Version: 0.3-a-22-g0ed2b0b
     0 | D:1      | 0 ||| qw: Game counter: 5956
     0 | D:1      | 0 ||| qw: Melee chars always use a shield: true
     0 | D:1      | 0 ||| qw: God list: Okawaru
     0 | D:1      | 0 ||| qw: Allow faded altars: false
     0 | D:1      | 0 ||| qw: Do Orc after clearing Dungeon:15 true
     0 | D:1      | 0 ||| qw: Do second Lair branch before Depths: true
     0 | D:1      | 0 ||| qw: Lair rune preference: random
     0 | D:1      | 0 ||| qw: Goals: Normal
     0 | D:1      | 0 ||| PLANNING D:1-11
    66 | D:1      | Found a faded altar of an unknown god.
   125 | D:1      | Found Rucoth Udac's Jewellery Shop.
   133 | D:1      | 133 ||| SHOPLISTING +5 ring of evasion (396 gold, have 20).
   133 | D:1      | 133 ||| SHOPLISTING amulet "Bax Sari" {rElec rF++ Will-
                  | Regen+} (630 gold, have 20).
   133 | D:1      | 133 ||| SHOPLISTING ring of poison resistance (220 gold,
                  | have 20).
   133 | D:1      | 133 ||| SHOPLISTING ring of willpower (275 gold, have 20).
   146 | D:1      | Reached skill level 6 in Ranged Weapons
   146 | D:1      | Reached XP level 2. HP: 16/16 MP: 4/4
   328 | D:1      | Reached XP level 3. HP: 20/20 MP: 5/5
   482 | D:1      | 482 ||| FLEEEEING.
   483 | D:1      | 483 ||| FLEEEEING.
   620 | D:1      | 620 ||| UPGRADING to +0 ring mail.
   630 | D:1      | 630 ||| DROPPING +0 leather armour.
   631 | D:1      | 631 ||| UPGRADING to +6 ring of dexterity.
   632 | D:1      | 632 ||| UPGRADING to +6 ring of strength.
   633 | D:1      | 633 ||| READING 2 scrolls labelled TAAMOW MUTUETI.
   634 | D:1      | 634 ||| DRINKING 2 metallic dark potions.
   635 | D:1      | 635 ||| DROPPING scroll of amnesia.
   636 | D:1      | 636 ||| DROPPING scroll of butterflies.
   637 | D:1      | 637 ||| DROPPING potion of brilliance.
   690 | D:2      | Found an ornate altar of the Wu Jian Council.
   765 | D:2      | Reached skill level 7 in Ranged Weapons
   916 | D:2      | Reached skill level 3 in Dodging
  1029 | D:2      | Reached XP level 4. HP: 25/25 MP: 6/6
  1246 | D:2      | 1246 ||| UPGRADING to +0 cloak.
  1251 | D:2      | 1251 ||| READING scroll labelled IMMUDOGI CYIN.
  1252 | D:2      | 1252 ||| READING scroll labelled NAFEIMAOTO.
  1298 | D:2      | 1298 ||| READING 3 scrolls labelled UDDULU VUESM.
  1299 | D:2      | 1299 ||| READING 2 scrolls labelled BALIBECK SEMP.
  1300 | D:2      | 1300 ||| READING scroll of enchant weapon.
  1300 | D:2      | 1300 ||| ENCHANTING +1 shortbow.
  1301 | D:2      | 1301 ||| READING scroll labelled XODDOPS HIEG.
  1302 | D:2      | 1302 ||| READING 2 scrolls labelled NOGUTI GEDOO.
  1303 | D:2      | 1303 ||| READING scroll labelled GOR FAUBRECKUI.
  1304 | D:2      | 1304 ||| DROPPING 2 scrolls of immolation.
  1367 | D:3      | Noticed Ijyb
  1374 | D:3      | Killed Ijyb
  1444 | D:3      | Found a shimmering blue altar of Sif Muna.
  1480 | D:3      | Reached skill level 8 in Ranged Weapons
  1643 | D:3      | Reached XP level 5. HP: 29/29 MP: 7/7
  1663 | D:3      | Noticed an ice beast
  1761 | D:3      | Noticed Grinder
  1768 | D:3      | Killed Grinder
  1769 | D:3      | Reached skill level 9 in Ranged Weapons
  1769 | D:3      | Reached XP level 6. HP: 13/34 MP: 8/8
  1960 | D:3      | Found a basalt altar of Yredelemnul.
  1992 | D:3      | 1992 ||| READING scroll labelled JUER OFFOSU.
  1996 | D:3      | 1996 ||| DRINKING 4 viscous blue potions.
  1997 | D:3      | 1997 ||| DROPPING 3 potions of degeneration.
  2111 | D:4      | Reached skill level 10 in Ranged Weapons
  2256 | D:4      | Slain by an ice beast

Levels and vault maps discovered:
D:1:      minmay_arrival_glassed_features, layout_basic, serial_shops,
          nicolae_shop_gibbet_a_chance, hellmonk_ecumenical_altar_arch_garden,
          wander_ebering_terrifying_dragon_lair
D:2:      minmay_evil_eye, layout_loops_ring, basic_altar
D:3:      layout_loops_ring, yredelemnul_forgotten_temple_becter,
          mainiacjoe_overflow_surrounded_room, minmay_three_crescents,
          uniq_ijyb, uniq_grinder
D:4:      layout_loops_ring, trog_book

Skill      XL: |  1  2  3  4  5  6 |
---------------+-------------------+-----
Ranged Weapons | 6 7 8 9 10 | 10.0
Dodging        | 3 |  3.0
Fighting       | 2 |  2.0
Stealth        | |  1.2

Action                     |  1- 3 |  4- 6 || total
---------------------------+-------+-------++-------
   Fire: Shortbow          |   103 |    98 ||   201
    Use: Scroll            |     1 |     9 ||    10
         Potion            |     1 |     1 ||     2
 Armour: Leather armour    |     3 |       ||     3
         Ring mail         |     8 |     7 ||    15
  Dodge: Dodged            |    15 |    10 ||    25

Table legend:
 A = Non-vault XP
 B = Vault XP
 C = Vault XP percentage of total XP
 D = Non-vault monster count
 E = Vault monster count
 F = Vault count percentage of total count
                 A         B        C        D         E       F
            +---------+---------+-------+---------+---------+-------
      Total |     238 |     345 |  59.2 |      65 |      12 |  15.6
            +---------+---------+-------+---------+---------+-------
        D:1 |      51 |       1 |   1.9 |      23 |       1 |   4.2
        D:2 |      70 |       3 |   4.1 |      23 |       2 |   8.0
        D:3 |      34 |     341 |  90.9 |      12 |       9 |  42.9
        D:4 |      83 |       0 |   0.0 |       7 |       0 |   0.0
            +---------+---------+-------+---------+---------+-------
